[Event "*** Titled Tuesday Blitz"]
[Site "Chess.com"]
[Date "2019.12.03"]
[Round "4"]
[White "IMTominho"]
[Black "Sanan_Sjugirov"]
[Result "0-1"]
[WhiteElo "2714"]
[BlackElo "2909"]
[TimeControl "180+2"]
[EndTime "13:53:49 PST"]
[Termination "Sanan_Sjugirov won by resignation"]

1. d4 Nf6 2. c4 e6 3. Nf3 d5 4.
Nc3 c6 5. cxd5 exd5 6. Bg5 Be7 7. Qc2 g6 8. e3 Bf5 9. Bd3 Bxd3 10. Qxd3 Nbd7 11.
Bh6 Ng4 12. Bf4 O-O 13. h3 Ngf6 14. O-O Re8 15. Rab1 a5 16. Bh2 Bf8 17. Rfc1 Ne4 18. Nd2 Nxd2 19. Qxd2 Nb6 20. b3 Bd6 21. Bxd6 Qxd6 22.
Na4 Nc8 23. Nc5 Qe7 24. b4 axb4 25. Rxb4 Nd6 26. Qc2 Ra3 27. Qb2 Rea8 28. Ra1 b5 29. Rb3 Nc4 30. Qc1 Rxa2 31. Rxa2 Rxa2 32. Nd3 Qa7 33.
Kh2 Rd2 34. Rc3 Ra2 35. Qd1 Qc7+ 36. Kg1 Qa5 37. Rc1 Rd2 38. Qb3 Ra2 39. Qb4 Qd8 40.
Qb3 Ra3 41. Qd1 Qf6 42. Nb4 Ra4 43. Rb1 Kg7 44. Qc2 Na3 0-1

[Event "*** Titled Tuesday Blitz"]
[Site "Chess.com"]
[Date "2019.12.03"]
[Round "4"]
[White "Zq1"]
[Black "Korchmar_Vasiliy"]
[Result "0-1"]
[WhiteElo "2528"]
[BlackElo "2750"]
[TimeControl "180+2"]
[EndTime "13:53:50 PST"]
[Termination "Korchmar_Vasiliy won by resignation"]

1. d4 Nf6 2. c4 g6 3. Nc3 d5 4.
cxd5 Nxd5 5. Bd2 Bg7 6. Nf3 Nb6 7. Bg5 h6 8. Bf4 O-O 9. e3 c5 10. dxc5 Bxc3+ 11. bxc3 Nd5 12. Bxh6 Nxc3 13. Qc2 Qa5 14. Qd2 Rd8 15. Nd4 e5 16. Bg5 exd4 17. Bxd8 Qxd8 18. Qxd4 Qa5 19. Qd2 Nc6 20. Rc1 Nxa2 21. Qxa5 Nxa5 22.
Ra1 Be6 23. Bd3 Nb4 24. Rxa5 Nxd3+ 25. Ke2 Bc4 26. Kf3 a6 27. e4 Rc8 28. Ke3 Nxc5 29. Rd1 b6 30. Ra3 a5 31. Rd6 Rb8 32. Rc3 Be6 33. h3 a4 34. f4 Bb3 35. Rc1 a3 36.
Ra1 a2 37. g4 Na6 38. Rd3 Bc2 39. Rc3 Bb1 40. Rb3 Nc5 41. Rbxb1 axb1=Q 42. Rxb1 b5 43. Kd4 Ne6+ 44. Ke5 b4 45. f5 gxf5 46. gxf5 Nc5 47. Kd5 Na4 48. Rb3 Nc3+ 49. Kd4 Nb5+ 50. Kc5 Nc3 51. Kd4 Rd8+ 52. Ke3 Re8 53. e5 Rxe5+ 54. Kd3 Nd5 55. Kd4 Rxf5 56. Ke4 Rh5 0-1

[Event "*** Titled Tuesday Blitz"]
[Site "Chess.com"]
[Date "2019.12.03"]
[Round "4"]
[White "ChessBitl"]
[Black "Heineccius"]
[Result "0-1"]
[WhiteElo "2374"]
[BlackElo "2643"]
[TimeControl "180+2"]
[EndTime "13:53:51 PST"]
[Termination "Heineccius won by checkmate"]

1. e4 c5 2. Nf3 e6 3. c4 a6 4. Nc3 Qc7 5. Be2 b6 6. O-O Bb7 7. d4 cxd4 8. Nxd4 Nf6 9. f3 Bd6 10.
g3 Be7 11. Be3 d6 12. Rc1 Nbd7 13. Qd2 O-O 14. Rfd1 Ne5 15. b4 Rfe8 16. a3 Rac8 17. Nb3 Nfd7 18. Na4 Qc6 19. b5 Qc7 20. f4 Ng6 21. bxa6 Bxe4 22. Nd4 Nc5 23. Nb5 Qc6 24. Nxc5 bxc5 25. Na7 Qxa6 26. Nxc8 Rxc8 27. Bd3 Qc6 28. Bxe4 Qxe4 29. Qd3 Qf3 30. Bf2 Qg4 31. Kg2 Nxf4+ 32.
Kg1 Nxd3 33. Rxd3 Qe2 34. Rcd1 h5 35. Kg2 h4 36. gxh4 Bxh4 37. R1d2 Qe4+ 38. Kg1 Bxf2+ 39. Kxf2 Qxc4 40. Rxd6 Qf4+ 41. Kg2 Ra8 42. R2d3 Rxa3 43. Rd8+ Kh7 44. Rxa3 Qg5+ 45. Rg3 Qxd8 46. Rh3+ Kg8 47. Re3 Qd5+ 48. Kf2 c4 49. Ke2 Qd4 50. h3 c3 51. Rd3 Qe4+ 52. Re3 Qc2+ 53. Kf3 Qd2 54. Ke4 c2 55. Rd3 Qe2+ 56. Re3 Qc4+ 57. Kf3 c1=Q 58. Kf2 Q1f1+ 59. Kg3 Qcf4# 0-1

[Event "*** Titled Tuesday Blitz"]
[Site "Chess.com"]
[Date "2019.12.03"]
[Round "4"]
[White "Vyacheslav_N"]
[Black "riconaipe"]
[Result "1-0"]
[WhiteElo "2560"]
[BlackElo "2589"]
[TimeControl "180+2"]
[EndTime "13:53:54 PST"]
[Termination "Vyacheslav_N won by resignation"]

1. e4 c6 2. d4 d5 3. Nd2 dxe4 4. Nxe4 Nf6 5. Nxf6+ gxf6 6. g3 h5 7. h4 Bg4 8. Be2 Bxe2 9. Nxe2 e6 10. Be3 Bd6 11.
Qd3 Nd7 12. O-O-O Qa5 13. Kb1 O-O-O 14. c4 f5 15. d5 Nc5 16. Qc2 Ne4 17. dxc6 bxc6 18.
Nd4 Kc7 19. Nb3 Qa4 20. Bd4 Rhe8 21. c5 Be7 22. Be5+ Kb7 23. f3 Bf6 24. Bd6 Nxg3 25.
Bxg3 f4 26. Bf2 Rd5 27. Rxd5 exd5 28. Qf5 Re6 29. Bd4 Bd8 30. Qxf7+ Re7 31. Qxf4 Qc4 32. Qd6 Qd3+ 33. Ka1 Qxf3 34. Rb1 Qf8 35. Bc3 Bc7 36. Qg6 Qf3 37. Nd4 Qe4 38. Qxc6+ Kc8 39. Qa8+ Kd7 40. Qc6+ Kc8 41. Qa6+ Kd8 42. Nc6+ Ke8 43. Nxe7 d4 44. Qc6+ Qxc6 45. Nxc6 dxc3 46. bxc3 Kd7 47. Nd4 Ba5 48.
Rf1 Bxc3+ 49. Kb1 Bxd4 50. Rd1 Kc6 51. Rxd4 Kxc5 52. Rf4 1-0

[Event "*** Titled Tuesday Blitz"]
[Site "Chess.com"]
[Date "2019.12.03"]
[Round "4"]
[White "ShahMatKanal"]
[Black "MathiasWomacka"]
[Result "1-0"]
[WhiteElo "2487"]
[BlackElo "2318"]
[TimeControl "180+2"]
[EndTime "13:53:55 PST"]
[Termination "ShahMatKanal won by resignation"]

1. e4 c5 2. Nc3 Nc6 3. Bb5 Nd4 4.
Nge2 Nxb5 5. Nxb5 Nf6 6. Nbc3 d5 7. d3 dxe4 8. Nxe4 Nxe4 9. dxe4 Qxd1+ 10. Kxd1 b6 11. f3 g6 12. Bd2 Bb7 13. Bc3 O-O-O+ 14. Ke1 f6 15. Kf2 Bh6 16. Rad1 Rxd1 17. Rxd1 Rd8 18.
Rxd8+ Kxd8 19. Ke1 Kd7 20. Bd2 Bf8 21. Bf4 g5 22.
Be3 g4 23. Ng3 gxf3 24. gxf3 e6 25. Bf4 f5 26. Ke2 Bg7 27. c3 fxe4 28. Nxe4 Bd5 29.
a3 a5 30. Ng5 h5 31. Nf7 a4 32. Ne5+ Ke8 33. Nd3 Bb3 34. Ke3 Bf6 35. Bc7 Bd8 36. Bxd8 Kxd8 37. Nf4 h4 38. Ng2 Ke7 39. Nxh4 Kf6 40.
f4 Bd5 41. Nf3 Kf5 42. Ne5 Bg2 43. Nd7 b5 44. Nxc5 Bf1 45. Ne4 Kg4 46. Ng5 Bc4 47.
h3+ Kh4 48. Ke4 Bf1 49. Ke5 Bxh3 50. Nxh3 Kxh3 51. Kxe6 Kg4 52. f5 1-0

[Event "*** Titled Tuesday Blitz"]
[Site "Chess.com"]
[Date "2019.12.03"]
[Round "4"]
[White "Sergey85Rodchenkov"]
[Black "Firouzja2003"]
[Result "0-1"]
[WhiteElo "2444"]
[BlackElo "3152"]
[TimeControl "180+2"]
[EndTime "13:53:58 PST"]
[Termination "Firouzja2003 won by checkmate"]

1. e4 e5 2. Nf3 Nc6 3. Bc4 Bc5 4. c3 Nf6 5. d3 d6 6. O-O O-O 7. Nbd2 a5 8. a4 Ne7 9. d4 exd4 10. cxd4 Bb4 11.
Bd3 Ng6 12. Nb3 Re8 13. Qc2 Bg4 14. Nfd2 Nf4 15. f3 Nxd3 16. Qxd3 Bc8 17. d5 b6 18. Nc4 Nd7 19. Nd4 Ba6 20. b3 Nc5 21. Qc2 Nd7 22. Bb2 Bc5 23. Kh1 Bxd4 24. Bxd4 f6 25. Rfe1 Re7 26. Ne3 Nc5 27. Nf5 Rf7 28. Rad1 Bc8 29.
Ne3 Bd7 30. Nc4 Na6 31. f4 Bg4 32. Rc1 Nb4 33. Qd2 Re7 34. h3 Bh5 35. e5 dxe5 36. fxe5 fxe5 37. Rxe5 Rxe5 38. Bxe5 Nxd5 39. Rf1 Bg6 40.
Qd4 c5 41. Qg4 Qe7 42. Bd6 Qe4 43. Qd7 Nf6 44. Qc7 Qe2 45. Rg1 Be4 46. Qe7 Re8 47. Qc7 Qh5 48. Be5 Qxh3+ 49. Bh2 Ng4 50. Qg3 Qxh2+ 51.
Qxh2 Nf2# 0-1

[Event "*** Titled Tuesday Blitz"]
[Site "Chess.com"]
[Date "2019.12.03"]
[Round "4"]
[White "bluejay1897"]
[Black "MPGM"]
[Result "1/2-1/2"]
[WhiteElo "2381"]
[BlackElo "2562"]
[TimeControl "180+2"]
[EndTime "13:53:58 PST"]
[Termination "Game drawn by agreement"]

1. Nf3 d5 2. g3 Nf6 3. Bg2 g6 4. b3 Bg7 5. Bb2 O-O 6. c4 c6 7. O-O b6 8. d3 Bb7 9. Nbd2 e6 10.
Rc1 c5 11. cxd5 exd5 12. d4 Nbd7 13. dxc5 bxc5 14. e3 Qb6 15. Nb1 Rfd8 16. Nc3 Rac8 17. Na4 Qa5 18. Ne5 Nb6 19. Nxb6 axb6 20. Qc2 Qb5 21.
Rfd1 Qe8 22. h3 Ra8 23. a4 Qe6 24. Nd3 Rac8 25. Nf4 Qe8 26. Bxf6 Bxf6 27. Nxd5 Bxd5 28. Bxd5 Kg7 29. Bc4 Rxd1+ 30. Rxd1 Rd8 31. Rxd8 Qxd8 32. Qe4 Qe7 33. Qc6 Qd8 34. Qb7 Be7 35. Kg2 Qd6 36.
h4 h5 37. Qc8 Qf6 38. Qe8 Bd6 39. Qd7 Be5 40. f4 Bc3 41. e4 Kf8 42. e5 Qe7 43.
Qxe7+ Kxe7 44. Kf3 f6 45. exf6+ Kxf6 46. g4 hxg4+ 47.
Kxg4 Ba5 48. Bd3 Bc3 49. f5 gxf5+ 50. Bxf5 Kg7 51. Kg5 Kh8 52. Kg6 Ba5 53. Kf7 Bb4 54. h5 Ba5 55. h6 Bb4 56. h7 Ba5 57. Ke6 Bb4 58. Kd6 Ba5 59. Kc6 Kg7 60. Bd3 Kh8 61.
Kd7 1/2-1/2

[Event "*** Titled Tuesday Blitz"]
[Site "Chess.com"]
[Date "2019.12.03"]
[Round "4"]
[White "Satscho"]
[Black "GameOverBro"]
[Result "0-1"]
[WhiteElo "2320"]
[BlackElo "2492"]
[TimeControl "180+2"]
[EndTime "13:54:00 PST"]
[Termination "GameOverBro won by checkmate"]

1. e4 d6 2. Nf3 Nf6 3. d3 e5 4. g3 Nc6 5. Bg2 Be7 6. O-O O-O 7. c3 Re8 8. a4 a5 9. Na3 d5 10. Qe2 Bc5 11. Bg5 Be6 12. Nh4 dxe4 13. dxe4 h6 14. Be3 Qe7 15. Nb5 Bxe3 16. Qxe3 Rad8 17. Rfd1 Bb3 18.
Nf5 Qf8 19. Rxd8 Rxd8 20. Qf3 Ne8 21. h4 g6 22. Ne3 Rd2 23. h5 Ne7 24. Ng4 c6 25.
Na3 Qg7 26. Bf1 Rxb2 27. Nc4 Bxc4 28. Bxc4 Nd6 29. Rd1 Nec8 30. hxg6 Qxg6 31. Nxe5 Qxe4 32. Bxf7+ Kg7 33. Qh5 Qf5 34. Qxf5 Nxf5 35. Be6 Ncd6 36. g4 Kf6 37. Bxf5 Kxe5 38. Bh7 Nc4 39. Re1+ Kf6 40. Kg2 b5 41. axb5 cxb5 42. Bg8 Ne5 43. Kg3 a4 44. f4 Nd3 45. Re6+ Kg7 46. Re8 Rc2 47. Rd8 Rxc3 48. Be6 Nc5+ 49. Kh4 Nxe6 50. Rd7+ Kf6 51. f5 Ng5 52. Rd6+ Kg7 53. Rg6+ Kh7 54.
Rg7+ Kxg7 55. f6+ Kxf6 56. Kh5 Rh3# 0-1

[Event "*** Titled Tuesday Blitz"]
[Site "Chess.com"]
[Date "2019.12.03"]
[Round "4"]
[White "ehrenfeld"]
[Black "Vuk2000"]
[Result "0-1"]
[WhiteElo "2563"]
[BlackElo "2765"]
[TimeControl "180+2"]
[EndTime "13:54:02 PST"]
[Termination "Vuk2000 won on time"]

1. e4 e6 2. d3 d5 3. Qe2 Nf6 4. Nf3 Be7 5. g3 c5 6. Bg2 Nc6 7. e5 Nd7 8. c4 a6 9. O-O b5 10. b3 Nb6 11. Rd1 Bb7 12. Nc3 b4 13. Nb1 a5 14. a4 bxa3 15. Nxa3 a4 16. bxa4 Rxa4 17. h4 O-O 18. Bg5 Nb4 19. Bxe7 Qxe7 20. Nb5 Rfa8 21. Rxa4 Rxa4 22. Nd6 Bc6 23. d4 Nxc4 24.
Nxc4 Bb5 25. dxc5 Bxc4 26. Qe3 h6 27. Bf1 Nc6 28. Rc1 Na5 29. Rb1 Qc7 30. h5 Bxf1 31.
Kxf1 Nc4 32. Qb3 Ra8 33. Qb7 Qxb7 34. Rxb7 Rc8 35. Ke2 Rxc5 36. Rb8+ Kh7 37. Rb7 Na5 38.
Rxf7 Nc6 39. Kd3 Rc4 40. Rf8 Re4 41. Nd2 Nxe5+ 42. Kc3 d4+ 43. Kc2 Re2 44. Kd1 d3 45.
f4 Ng4 46. Nf3 Ne3+ 47. Kc1 Rc2+ 48. Kb1 Rf2 49. Nh4 d2 0-1

[Event "*** Titled Tuesday Blitz"]
[Site "Chess.com"]
[Date "2019.12.03"]
[Round "4"]
[White "rogapa"]
[Black "2nd_life"]
[Result "1-0"]
[WhiteElo "2711"]
[BlackElo "2474"]
[TimeControl "180+2"]
[EndTime "13:54:08 PST"]
[Termination "rogapa won on time"]

1. e4 e5 2. Nf3 Nc6 3. Bb5 a6 4. Ba4 Nf6 5. O-O Be7 6. d3 d6 7. a3 O-O 8. Nc3 h6 9. Ne2 b5 10.
Bb3 Be6 11. Bxe6 fxe6 12. Ng3 Qe8 13. c3 Nd7 14. a4 Nc5 15. axb5 axb5 16. Rxa8 Qxa8 17.
b4 Nd7 18. Qb3 Nd8 19. Bb2 Nb6 20. Ra1 Qb7 21. Bc1 Kf7 22. Be3 Nc6 23. Nd2 Ra8 24.
Rf1 Bf6 25. Nh5 Nd7 26. f4 exf4 27. Nxf4 Nd8 28. d4 Qa6 29. Qd1 Nf8 30. Qh5+ Kg8 31. e5 dxe5 32. dxe5 Bg5 33. Ne4 Qc6 34. Nxg5 hxg5 35.
Qxg5 Nf7 36. Qg3 Qxc3 37. Nh5 Qxe5 38. Rxf7 Ra1+ 39. Rf1 Rxf1+ 40. Kxf1 Qxh5 41. Qxc7 Qd1+ 42. Kf2 Qd3 43. Qe5 Kf7 44. Bd4 Qd2+ 45. Kf3 Qd3+ 46. Kg4 Qg6+ 47. Kh3 Nd7 48. Qxb5 Nf6 49. Qb7+ Kg8 50.
Qf3 Qg5 51. g3 1-0

[Event "*** Titled Tuesday Blitz"]
[Site "Chess.com"]
[Date "2019.12.03"]
[Round "4"]
[White "SerGo055"]
[Black "Sunrise777"]
[Result "1/2-1/2"]
[WhiteElo "2524"]
[BlackElo "2704"]
[TimeControl "180+2"]
[EndTime "13:54:09 PST"]
[Termination "Game drawn - insufficient material"]

1. d4 Nf6 2. Nf3 g6 3. c4 c5 4. d5 b5 5. cxb5 a6 6. b6 d6 7. Nc3 Nbd7 8. e4 Bg7 9. b7 Bxb7 10. Be2 O-O 11. O-O a5 12. Bg5 a4 13. Rc1 Ba6 14. Re1 Qa5 15. Bxa6 Rxa6 16. e5 dxe5 17. Nxe5 Nxe5 18. Rxe5 a3 19. b3 Ng4 20. Rxe7 Nxf2 21.
Kxf2 Bxc3 22. Qd3 Bd4+ 23. Be3 Rf6+ 24. Kg1 Qd8 25. Bxd4 cxd4 26. Re5 Rf4 27. Rf1 Qf6 28. Rxf4 Qxf4 29. Re4 Qc1+ 30. Kf2 Rc8 31. Qxd4 Qb2+ 32.
Kg3 Qxa2 33. d6 Qxb3+ 34. Re3 Qb8 35. Rxa3 Rd8 36. Rd3 Rd7 37. h4 h5 38. Kf4 Qd8 39.
g3 Qb8 40. Kg5 Qd8+ 41. Qf6 Qf8 42. g4 hxg4 43. Kxg4 Qg7 44. Kg5 Kh7 45. Qxg7+ Kxg7 46. h5 gxh5 47. Kxh5 Kf6 48. Kh6 Ke5 49. Kg5 Rxd6 50. Rxd6 Kxd6 51. Kf6 Kd7 52. Kxf7 1/2-1/2

[Event "*** Titled Tuesday Blitz"]
[Site "Chess.com"]
[Date "2019.12.03"]
[Round "4"]
[White "Tiqr777"]
[Black "Eloist"]
[Result "1/2-1/2"]
[WhiteElo "2629"]
[BlackElo "2378"]
[TimeControl "180+2"]
[EndTime "13:54:13 PST"]
[Termination "Game drawn by repetition"]

1. d4 e6 2. Nf3 Nf6 3. Bf4 c5 4. c3 Nc6 5. e3 d5 6. Nbd2 Bd6 7. Bg3 O-O 8. Bd3 b6 9. O-O Bb7 10. a4 Bxg3 11. hxg3 Qc7 12. Qe2 e5 13. dxe5 Nxe5 14.
Nxe5 Qxe5 15. a5 Rfe8 16. Ra4 Bc6 17. Bb5 Rac8 18. Bxc6 Rxc6 19. axb6 Rxb6 20. Nf3 Qb8 21. Rb1 Re7 22. Ra6 Reb7 23. Rxb6 Rxb6 24. Qc2 Qe8 25. Ra1 Qb8 26. Ra2 g6 27. c4 dxc4 28. Nd2 Rb4 29.
Nxc4 Kg7 30. Ra4 Qb5 31. Rxb4 cxb4 32. b3 a5 33. e4 Qc5 34. e5 Ng4 35. Qe2 Qd4 36.
Qf1 Nxe5 37. Nxa5 Nd3 38. Nc4 h5 39. Qe2 Qa1+ 40. Kh2 Qc3 41. f3 Qxb3 42. Ne5 Nxe5 43. Qxe5+ Kh7 44. Qe7 Qc4 45. f4 b3 46. Qf6 Qe6 47. Qc3 Qb6 48. Qb2 Qb4 49. Qf6 Kg8 50. Qd8+ Kg7 51. f5 gxf5 52. Qg5+ Kf8 53. Qd8+ Kg7 54.
Qg5+ Kh8 55. Qxh5+ Kg8 56. Qg5+ Kf8 57. Qd8+ Kg7 58.
Qg5+ Kh7 59. Qh5+ Kg7 60. Qg5+ Kh7 61. Qh5+ Kg7 62. Qg5+ 1/2-1/2

[Event "*** Titled Tuesday Blitz"]
[Site "Chess.com"]
[Date "2019.12.03"]
[Round "4"]
[White "Everyfishknows"]
[Black "Jbd735"]
[Result "0-1"]
[WhiteElo "2298"]
[BlackElo "2426"]
[TimeControl "180+2"]
[EndTime "13:54:15 PST"]
[Termination "Jbd735 won by resignation"]

1. Nf3 d5 2. c4 c6 3. d4 e6 4.
Qc2 Nf6 5. g3 dxc4 6. Qxc4 b5 7.
Qc2 Bb7 8. Bg2 Nbd7 9. O-O c5 10. dxc5 Bxc5 11. Nc3 Qb6 12. a3 Rc8 13. b4 Bxf2+ 14. Kh1 Ne4 15. Bb2 Nxc3 16. Bxc3 Bxf3 17. Bxf3 Bd4 18.
Bxd4 Rxc2 19. Bxb6 Nxb6 20. Rac1 Rxc1 21. Rxc1 Kd8 22.
Rc5 Re8 23. Rxb5 Re7 24. Rc5 Rc7 25. Rxc7 Kxc7 26. Kg2 Nc4 27. a4 Kb6 28. Be4 f5 29. Bd3 Nb2 30. a5+ Kc7 31. Kf3 Nxd3 32. exd3 Kc6 33.
Kf4 Kb5 34. Ke5 Kxb4 35. Kxe6 Kc3 36. Kxf5 Kxd3 37. Ke6 Kc4 38. Kf7 g5 39. Kf6 g4 40.
Kg5 Kb5 41. Kxg4 Kxa5 42. Kh5 Kb4 43. g4 a5 44. Kh6 a4 45. g5 a3 46. Kxh7 a2 47.
g6 a1=Q 48. g7 Qb1+ 49. Kh6 Qg1 50. Kh7 Qxh2+ 51. Kg6 Qg3+ 52. Kf7 Qf4+ 53. Kg6 Qg4+ 54. Kf7 Qf5+ 55. Ke7 Qg6 56. Kf8 Qf6+ 57. Kg8 Kc5 58. Kh7 Qh4+ 59. Kg6 Qg4+ 60. Kf6 Kd6 61. Kf7 Qf5+ 62.
Ke8 Qg6+ 63. Kf8 Qf6+ 64. Kg8 Ke7 65. Kh7 Qh4+ 66. Kg8 Kf6 67. Kf8 Qh6 68. Ke8 Qxg7 0-1

[Event "*** Titled Tuesday Blitz"]
[Site "Chess.com"]
[Date "2019.12.03"]
[Round "4"]
[White "Squirlolz"]
[Black "Bulldog167"]
[Result "0-1"]
[WhiteElo "2615"]
[BlackElo "2909"]
[TimeControl "180+2"]
[EndTime "13:54:20 PST"]
[Termination "Bulldog167 won by resignation"]

1. e4 e6 2. d4 d5 3. Nd2 c5 4. Ngf3 cxd4 5. exd5 Qxd5 6. Bc4 Qd7 7. O-O Nc6 8. Nb3 a6 9. a4 Nf6 10. Qe2 Bd6 11. Rd1 e5 12. Nbxd4 Nxd4 13. Rxd4 Qc7 14. Rxd6 Qxd6 15. b3 Bg4 16. Ba3 Qc7 17. Rd1 Rd8 18.
Rxd8+ Kxd8 19. Qd2+ Qd7 20. Qa5+ Kc8 21. Nxe5 Qc7 22. Qxc7+ Kxc7 23. Nxg4 Nxg4 24. Bxf7 Rd8 25. g3 Rd1+ 26. Kg2 Rd2 27. Bc5 b6 28. h3 bxc5 29.
hxg4 Rxc2 30. g5 Kd6 31. Bc4 Ke5 32. Bxa6 Rb2 33. Bc4 Kf5 34. a5 Kxg5 35. a6 Rb1 36.
Bd5 Ra1 37. Bb7 Kf5 38. Kf3 Ra3 39. Ke2 Ke5 40. Kd2 Kd4 41. Kc2 h5 42. Kb2 Ra5 43.
Kc2 g5 44. Kd2 Ra2+ 45. Ke1 Kc3 46. Kf1 Ra1+ 47. Kg2 Kxb3 48. f4 gxf4 49. gxf4 c4 50. f5 c3 51. f6 c2 52. f7 c1=Q 53. f8=Q Qh1+ 54. Kg3 Rg1+ 55. Kf4 Rf1+ 56. Kg5 Qg1+ 57. Kxh5 Rxf8 0-1

[Event "*** Titled Tuesday Blitz"]
[Site "Chess.com"]
[Date "2019.12.03"]
[Round "4"]
[White "visa"]
[Black "masrahi"]
[Result "1-0"]
[WhiteElo "2252"]
[BlackElo "1951"]
[TimeControl "180+2"]
[EndTime "13:54:27 PST"]
[Termination "visa won by checkmate"]

1. e4 c5 2. a3 g6 3. b4 Bg7 4. Nc3 cxb4 5. axb4 d6 6. b5 Nf6 7.
Rb1 b6 8. g3 Bb7 9. Bg2 Nbd7 10. Bb2 O-O 11. Nge2 Ne5 12. d3 Qc8 13. h3 Qc5 14. d4 Qc4 15. dxe5 dxe5 16. Qd3 Qc5 17. O-O Rfd8 18. Qf3 Rd2 19. Rfd1 Rad8 20. Rxd2 Rxd2 21. Bc1 Rxc2 22. Qd3 Rxc1+ 23. Rxc1 Bh6 24. Rc2 Qb4 25. Kh2 Kg7 26. Nd5 Nxd5 27. exd5 Qd6 28. Nc3 f5 29. Qc4 e4 30. Qd4+ Kf7 31. f3 exf3 32. Bxf3 Bg7 33. Qd3 Be5 34. Bg2 h5 35. Re2 h4 36. Qe3 Bxg3+ 37. Kg1 Bf4 38. Qe6+ Qxe6 39. dxe6+ Kf6 40. Bxb7 Be5 41. Nd5+ Kxe6 42. Nc7+ Kd6 43. Rxe5 Kxe5 44. Nd5 Ke4 45. Nxe7+ Ke3 46. Nxg6 f4 47. Nxh4 Kd4 48. Kf2 Kc5 49. Ba6 Kd6 50. Kf3 Kc5 51. Ng2 Kd6 52. Nxf4 Ke5 53. Kg4 Kf6 54. h4 Kg7 55. h5 Kh6 56.
Bc8 Kh7 57. Kg5 Kg7 58. h6+ Kh7 59. Bf5+ Kh8 60. Kg6 Kg8 61. h7+ Kh8 62. Nh5 a5 63. bxa6 b5 64. a7 b4 65. a8=R# 1-0

[Event "*** Titled Tuesday Blitz"]
[Site "Chess.com"]
[Date "2019.12.03"]
[Round "4"]
[White "Micki-taryan"]
[Black "MaestroASK"]
[Result "1-0"]
[WhiteElo "2988"]
[BlackElo "2589"]
[TimeControl "180+2"]
[EndTime "13:54:29 PST"]
[Termination "Micki-taryan won on time"]

1. d4 d6 2. e4 g6 3. Nc3 c6 4. Nf3 Bg7 5. Be3 e5 6. dxe5 dxe5 7. Qxd8+ Kxd8 8. Bc4 f6 9. O-O-O+ Nd7 10. g4 Nh6 11.
Rhg1 Ke7 12. g5 Nf7 13. h4 Nf8 14. a4 Ne6 15. a5 f5 16. Na4 f4 17. Bd2 b5 18. Bxe6 Bxe6 19. Bb4+ Ke8 20. Nc5 Bc8 21. Bc3 Ke7 22. Nd3 Ke6 23. Nxf4+ exf4 24. Bxg7 Re8 25. Bf6 c5 26. b4 Nd6 27. bxc5 Nxe4 28. Rge1 Bb7 29. Nd4+ Kf7 30. c6 Ba6 31. Nb3 Nxf6 32. gxf6 Rxe1 33. Rxe1 Rc8 34. Nd4 Kxf6 35. Re6+ Kf7 36.
Rd6 b4 37. Rd7+ Kf6 38. Rxa7 Bc4 39. Rxh7 Ke5 40. Rd7 Bd5 41. Nb5 Bxc6 42. Re7+ Kf6 43. Rc7 Rxc7 44. Nxc7 Kf5 45. Kb2 Kg4 46. Ne6 Kxh4 47.
Nxf4 g5 48. Nd3 Kh3 49. Nxb4 Be4 50. a6 Kg2 51. Nd3 g4 52. a7 Ba8 53. Kc3 Kf3 54. Kd4 Ke2 55. c4 Kd2 56. c5 Ke2 57. Kc3 Kf3 58. Kd4 Kg2 59. Ne5 Kxf2 60. Nxg4+ Kf3 61.
Ne5+ Kf4 62. Nc4 Kf5 63. Nb6 Bb7 64. a8=Q Bxa8 65. Nxa8 Ke6 66. Nb6 Ke7 67. Kd5 Kd8 68. Kc6 1-0

[Event "*** Titled Tuesday Blitz"]
[Site "Chess.com"]
[Date "2019.12.03"]
[Round "4"]
[White "MateSchmate"]
[Black "DonBroca"]
[Result "1-0"]
[WhiteElo "2315"]
[BlackElo "2100"]
[TimeControl "180+2"]
[EndTime "13:54:29 PST"]
[Termination "MateSchmate won by checkmate"]

1. e4 c5 2. Nf3 Nc6 3. d4 cxd4 4. Nxd4 g6 5. c4 Bg7 6. Be3 e6 7. Nc3 Nge7 8. Qd2 O-O 9. Be2 d5 10. cxd5 exd5 11. exd5 Nxd5 12. Nxc6 Bxc3 13. Nxd8 Bxd2+ 14. Bxd2 Rxd8 15. O-O Bf5 16. Rac1 Nb6 17. Be3 Re8 18. Bb5 Re7 19. Bg5 Re5 20. a4 a6 21. f4 Re3 22.
Bc4 Nxc4 23. Rxc4 Bd3 24. Rc3 Rae8 25. Rd1 Bf5 26. Rxe3 Rxe3 27. Bf6 Kf8 28. Kf2 Re8 29. h3 h5 30. Rh1 Bd3 31. g4 Re2+ 32. Kg3 Be4 33. Rd1 Bc6 34. a5 Re3+ 35. Kh4 hxg4 36. hxg4 Re2 37. Kg5 Rc2 38. Rd8+ Be8 39. Bc3 Ke7 40.
Bf6+ Kf8 41. Rd3 Rc5+ 42. Kh4 Rxa5 43. Rd8 Rb5 44. Kg3 Ra5 45. Kf3 Rb5 46. Ke4 Ra5 47. Kd3 Rb5 48. Kc4 Ra5 49. b4 Rb5 50. Rb8 Rb6 51.
Bd4 Rc6+ 52. Bc5+ Kg7 53. Rxe8 b5+ 54. Kd5 Rc7 55. Bd4+ Kh7 56. Rh8# 1-0

[Event "*** Titled Tuesday Blitz"]
[Site "Chess.com"]
[Date "2019.12.03"]
[Round "4"]
[White "piscatorox"]
[Black "Donseng"]
[Result "1/2-1/2"]
[WhiteElo "2252"]
[BlackElo "2546"]
[TimeControl "180+2"]
[EndTime "13:54:36 PST"]
[Termination "Game drawn by repetition"]

1. e4 c5 2. Nf3 Nc6 3. d4 cxd4 4. Nxd4 Nf6 5. Nc3 d6 6. Be2 e5 7. Nxc6 bxc6 8. Bg5 h6 9. Bxf6 Qxf6 10. Qd3 Rb8 11.
b3 Be7 12. Qe3 Ra8 13. O-O O-O 14. Rfd1 Bd8 15. Na4 Bc7 16. c4 Qe7 17. Bf3 Rd8 18. Rac1 Be6 19. Rd3 Ba5 20. Rcd1 c5 21. Nc3 Bxc3 22.
Rxc3 a5 23. a4 Rab8 24. Rd2 Rb6 25. h3 Rdb8 26. Rcd3 Qh4 27. Bd1 Rd8 28. Qf3 Kf8 29.
Qe3 Ke7 30. Qf3 Qf4 31. Qe3 Qxe3 32. Rxe3 g6 33. g4 f5 34. f3 Kf6 35. Kg2 Kg5 36.
Red3 Kf4 37. Re2 h5 38. gxf5 gxf5 39. exf5 Bxf5 40. Rd5 Rg8+ 41. Kf2 h4 42. Bc2 Bxc2 43. Rxc2 Rxb3 44. Re2 Rxf3+ 45. Ke1 Rg6 46. Kd2 e4 47. Rh5 Rxh3 48. Rh8 Rd3+ 49. Kc2 h3 50. Rf8+ Ke5 51. Re8+ Re6 52. Rxe6+ Kf5 53. Re8 Ra3 54. Rf8+ Ke5 55. Re8+ Kf5 56. Rf8+ Ke5 57. Re8+ Kf5 1/2-1/2

[Event "*** Titled Tuesday Blitz"]
[Site "Chess.com"]
[Date "2019.12.03"]
[Round "4"]
[White "Filip_Covic"]
[Black "FrogMist"]
[Result "1-0"]
[WhiteElo "2456"]
[BlackElo "2290"]
[TimeControl "180+2"]
[EndTime "13:54:40 PST"]
[Termination "Filip_Covic won by resignation"]

1. e4 c6 2. d4 d5 3. f3 e6 4. Nc3 Qb6 5. Nge2 Nd7 6. a3 dxe4 7. Nxe4 Ngf6 8. N2g3 Be7 9. Bd3 c5 10. dxc5 Nxc5 11.
Nxc5 Bxc5 12. Qe2 O-O 13. c3 a5 14. Rb1 a4 15. Bg5 Nd5 16. Ne4 Be3 17. Bxe3 Qxe3 18. Qxe3 Nxe3 19. Kf2 Nd5 20. Bb5 e5 21. Rbd1 Be6 22.
Nc5 Nc7 23. Bxa4 b6 24. Nxe6 Nxe6 25. Bc2 g6 26. Rd6 b5 27. Rhd1 Rab8 28. R6d5 f6 29. Bb3 Kh8 30. Ba2 Rfd8 31. Rxd8+ Rxd8 32. Rxd8+ Nxd8 33. Bb1 Nb7 34. Bd3 Nd6 35. Ke3 f5 36. Kd2 Kg7 37. Kc2 Kf6 38. b3 e4 39. fxe4 fxe4 40. Be2 Ke5 41. g3 h5 42. a4 bxa4 43. bxa4 h4 44. a5 hxg3 45. hxg3 Kd5 46. a6 Nc8 47. Kd2 g5 48. Ke3 Ke5 49. c4 Na7 50. c5 Kd5 51. Bf1 Kxc5 52. Kxe4 Kb6 53. Kf5 Nc6 54.
Kxg5 Ne7 55. Kf6 Nd5+ 56. Ke5 Ne3 57. Be2 Ka7 58. Ke4 Ng2 59. g4 Nh4 60. g5 Ng6 61.
Kf5 Nf8 62. g6 Ne6 63. Kxe6 1-0

[Event "*** Titled Tuesday Blitz"]
[Site "Chess.com"]
[Date "2019.12.03"]
[Round "4"]
[White "DangerousPlayer1st"]
[Black "VincentKeymer"]
[Result "1-0"]
[WhiteElo "2790"]
[BlackElo "2634"]
[TimeControl "180+2"]
[EndTime "13:54:45 PST"]
[Termination "DangerousPlayer1st won by resignation"]

1. e4 c5 2. Nf3 e6 3. d4 cxd4 4. Nxd4 a6 5. Bd3 Qc7 6. O-O Nf6 7. c4 d6 8. Nc3 g6 9. b3 Bg7 10. Bb2 O-O 11. Qd2 Nc6 12. Nxc6 bxc6 13. Rac1 c5 14. Rfd1 Bb7 15. Qe3 Nd7 16. Na4 Ne5 17. Be2 Rad8 18. Rd2 Nc6 19. Bxg7 Kxg7 20. Nc3 Nd4 21. Bd3 e5 22.
Ne2 Kh8 23. Rf1 Qc6 24. Nxd4 cxd4 25. Qh3 f5 26. f3 f4 27. a3 Qc7 28. Qh4 Bc8 29. b4 Be6 30. Rc1 a5 31. c5 axb4 32. axb4 Rb8 33. b5 dxc5 34. Rdc2 c4 35. Bxc4 Bxc4 36.
Rxc4 Qd8 37. Qxd8 Rfxd8 38. Rc5 Re8 39. Kf2 Kg7 40. R1c2 Re7 41. Rb2 Rb6 42. Ke2 Kf6 43.
Kd3 Reb7 44. Kc4 Rb8 45. Ra2 h5 46. h4 Ke6 47. Ra7 Rd6 48. Rcc7 Re8 49. Ra6 Rd8 50.
Raa7 Re8 51. Kd3 Kf6 52. Rf7+ Ke6 53. Rg7 Kf6 54. Raf7+ Ke6 55. Rxg6+ Kxf7 56. Rxd6 Rc8 57. b6 Rc3+ 58. Kd2 Rb3 59. Rh6 Rb2+ 60. Kc1 Rxg2 61. b7 Rg8 62. Rxh5 Ke6 63. Kd2 Kd6 64.
Rh7 Kc6 65. h5 Rg2+ 66. Kd3 Rg8 67. h6 Kb6 68. Rg7 Rh8 69. h7 Ka7 70. b8=Q+ Kxb8 71.
Rg8+ 1-0